 Dungeon Crawl Stone Soup version 0.25-a0-510-ge065f6de7d (webtiles) character file.

Game seed: 12536147969853745072, levelgen mode: deterministic

129 njord12 the Skirmisher (level 5, 0/47 HPs)
             Began as a Hill Orc Berserker on Feb 15, 2020.
             Was a Believer of Trog.
             Slain by an ogre
             ... wielding a +0 giant club
              (17 damage)
             ... on level 4 of the Dungeon.
             The game lasted 00:08:48 (3502 turns).

njord12 the Skirmisher (Hill Orc Berserker)         Turns: 3502, Time: 00:08:49

Health: 0/47       AC:  7    Str: 20    XL:     5   Next: 12%
Magic:  5/5        EV: 11    Int:  7    God:    Trog [**....]
Gold:   164        SH:  5    Dex: 11    Spells: 4/4 levels left

rFire    . . .     SeeInvis .   a - +0 mace
rCold    . . .     Gourm    .   (no shield)
rNeg     . . .     Faith    .   t - +0 ring mail
rPois    .         Spirit   .   x - +0 helmet
rElec    .         Reflect  +   (no cloak)
rCorr    .         Harm     .   (no gloves)
MR       .....                  (no boots)
Stlth    +.........             w - +5 amulet of reflection
HPRegen  0.15/turn              (no ring)
MPRegen  0.09/turn              (no ring)

@: no status effects
A: no striking features
a: Berserk, Trog's Hand, Renounce Religion


You were on level 4 of the Dungeon.
You worshipped Trog.
Trog was pleased with you.
You were not hungry.

You visited 1 branch of the dungeon, and saw 4 of its levels.

You collected 164 gold pieces.

Inventory:

Hand Weapons
 a - a +0 mace (weapon)
 j - a +1 vampiric spear
 o - a cursed -3 hunting sling
Missiles
 r - 119 stones (quivered)
 s - 24 sling bullets
Armour
 b - a +0 animal skin
 t - a +0 ring mail (worn)
 x - a +0 helmet (worn)
Jewellery
 e - an uncursed ring of magical power {unknown}
 i - a cursed ring of teleportation {unknown}
 u - an uncursed ring of protection from magic {unknown}
 v - an uncursed ring of flight
 w - a +5 amulet of reflection (around neck)
Scrolls
 d - 2 scrolls of identify
 g - a scroll of teleportation
 m - a scroll of fog {unknown}
 p - 2 scrolls of magic mapping
 y - a scroll of remove curse {unknown}
Potions
 f - a potion of brilliance {unknown}
 h - 2 potions of curing
 k - 2 potions of heal wounds
 l - 2 potions of cancellation {unknown}
 n - 2 potions of degeneration {unknown}
 q - a potion of berserk rage {unknown}
 A - a potion of lignification {unknown}
Comestibles
 c - 7 rations


   Skills:
 + Level 4.9 Fighting
 + Level 4.4 Maces & Flails
 + Level 3.7 Armour
 - Level 1.5 Dodging


You had 4 spell levels left.
You didn't know any spells.
Your spell library was empty.

Dungeon Overview and Level Annotations

Branches:
Dungeon (4/15)
 Temple: D:4-7

Altars:
Nemelex Xobeh

Annotations:
D:3 2 transporters, iamserjio's ghost, amateur OpCK


Message History

The ogre barely misses you.
You hit the ogre but do no damage.
The ogre is lightly wounded.
The ogre barely misses you.
You hit the ogre but do no damage.
The ogre is lightly wounded.
The ogre barely misses you.
You hit the ogre but do no damage.
The ogre is lightly wounded.
The ogre hits you with a +0 giant club!!
Your ring mail prevents you from hitting the ogre.
The ogre is lightly wounded.
The ogre hits you with a +0 giant club!
You hit the ogre.
The ogre is lightly wounded.
The ogre closely misses you.
You hit the ogre.
The ogre is moderately wounded.
The ogre hits you with a +0 giant club!
You die...

###
#######.################
.........O@............#
#######.##############.#
#.# ########.##
#...................#
###.######.#######..#
#.# #+####<##..# #.#
#...........# #.#
#...........# ..#
#...........#


You could see an ogre.

Vanquished Creatures
  6 adders
  An ooze (D:2)
  A worm (D:3)
  A dart slug (D:1)
  A leopard gecko (D:1)
  2 giant cockroaches
  7 hobgoblins
  8 jackals (D:1)
  9 kobolds
  A ball python (D:2)
  10 bats
  A frilled lizard (D:1)
  8 goblins
  6 rats
62 creatures vanquished.

Notes
Turn   | Place    | Note
-------+----------+-------------------------------------------
     0 | D:1      | njord12 the Hill Orc Berserker began the quest for the Orb.
     0 | D:1      | Reached XP level 1. HP: 19/19 MP: 1/1
   242 | D:1      | Reached XP level 2. HP: 24/27 MP: 2/2
   812 | D:1      | Reached XP level 3. HP: 21/33 MP: 3/3
  1089 | D:1      | Reached ** piety under Trog
  1923 | D:2      | Reached XP level 4. HP: 41/41 MP: 4/4
  2153 | D:2      | Found a sparkling altar of Nemelex Xobeh.
  2764 | D:3      | Reached XP level 5. HP: 30/47 MP: 5/5
  3031 | D:3      | Noticed iamserjio's ghost (amateur OpCK)
  3032 | D:3      | Found a transporter.
  3032 | D:3      | Found a transporter.
  3326 | D:3      | Found a faded altar of an unknown god.
  3486 | D:4      | Noticed an ogre
  3502 | D:4      | Slain by an ogre

Levels and vault maps discovered:
D:1:      co_arrival_square_in_a_square_in_a_square, layout_rooms, st_stairs_14
D:2:      layout_loops_cross, nemelex_xobeh_ov_fountains_minmay
D:3:      layout_basic, chequers_ecumenical_altar_twisty, gammafunk_ghost_arena
D:4:      layout_basic, lightli_sewer_entry_pipes, uniq_menkaure

Skill      XL: |  1  2  3 |
---------------+----------+-----
Fighting       | 4 |  4.9
Armour         | 3 |  3.7
Maces & Flails | 4 |  4.4
Dodging        | |  1.5

Action                   |  1- 3 |  4- 6 || total
-------------------------+-------+-------++-------
Melee: Mace              |   126 |    84 ||   210
  Use: Scroll            |       |     3 ||     3
       Potion            |       |     2 ||     2
 Stab: Sleeping          |     1 |       ||     1
  Eat: Chunk             |     3 |     5 ||     8
Armor: Animal skin       |    35 |    24 ||    59
       Ring mail         |       |     8 ||     8
Dodge: Dodged            |   101 |    77 ||   178

Table legend:
 A = Non-vault XP
 B = Vault XP
 C = Vault XP percentage of total XP
 D = Non-vault monster count
 E = Vault monster count
 F = Vault count percentage of total count
                 A         B        C        D         E       F
            +---------+---------+-------+---------+---------+-------
      Total |     182 |       3 |   1.6 |      60 |       2 |   3.2
            +---------+---------+-------+---------+---------+-------
        D:1 |      54 |       3 |   5.3 |      29 |       2 |   6.5
        D:2 |      94 |       0 |   0.0 |      18 |       0 |   0.0
        D:3 |      34 |       0 |   0.0 |      13 |       0 |   0.0
            +---------+---------+-------+---------+---------+-------
